Map: Rooftop Terrace

Players

mavannis

  • Race: Protoss Protoss
  • Spawn Location: 6:00

Decca

  • Race: Protoss Protoss
  • Spawn Location: 6:00

Dango

  • Race: Protoss Protoss
  • Spawn Location: 7:00

holmes

  • Race: Protoss Protoss
  • Spawn Location: 5:00

Infamous

  • Race: Protoss Protoss
  • League: Gold
  • Spawn Location: 12:00

Condrey

  • Race: Zerg Zerg
  • Spawn Location: 11:00

cxh

  • Race: Terran Terran
  • Spawn Location: 12:00

ButterMyButt

  • Race: Protoss Protoss
  • Spawn Location: 1:00

VOD

Have the link to the VOD?

Description

Time

  • Played on: April 24, 2018, 8:54 a.m.
  • Length: 17:50
Show
View Real Time Build Order
Export as new Build Order

mavannis Protoss 

Build Orders:  

Get SALT Encoding   

  12  0:05  Probe  
  12  0:13  Probe  
  14  0:24  Pylon  
  14  0:58  Gateway  
  14  1:59  Zealot  
  16  2:20  Gateway  
  16  2:26  Zealot  
  18  2:32  Pylon  
  18  2:42  Pylon  
  18  2:53  Zealot  
  20  3:04  Pylon  
  20  3:10  Gateway  
  20  3:17  Zealot  
  22  3:20  Zealot  
  24  3:45  Zealot  
  24  3:47  Zealot  
  28  4:12  Zealot  
  28  4:14  Zealot  
  32  4:39  Zealot  
  34  5:08  Zealot  
  34  5:09  Zealot x2  
  40  5:28  Pylon  
  40  5:35  Zealot  
  42  5:36  Pylon, Zealot x2  
  46  6:00  Gateway  
  46  6:02  Zealot  
  48  6:06  Cybernetics Core  
  48  6:08  Assimilator  
  48  6:09  Probe  
  48  6:15  Assimilator  
  48  6:17  Probe  
  49  6:21  Pylon  
  50  6:26  Probe  
  49  6:38  Probe  
  44  6:48  Probe  
  37  6:56  Probe  
  37  6:59  Zealot x2  
  37  7:00  Zealot x2  
  34  7:04  Probe  
  29  7:17  Probe  
  30  7:26  Zealot x2  
  30  7:27  Zealot x2  
  30  7:29  Probe  
  39  7:33  Robotics Facility  
  39  7:41  Probe  
  40  7:49  Probe  
  40  7:53  Zealot  
  40  7:54  Zealot x3  
  40  7:57  Probe  
  49  8:05  Nexus  
  50  8:20  Zealot  
  50  8:21  Zealot  
  50  8:22  Observer  
  55  8:31  Probe  
  56  8:39  Probe  
  56  8:43  Observer  
  56  8:47  Probe  
  37  9:00  Probe  
  31  9:04  Observer  
  31  9:12  Probe  
  31  9:18  Stalker x4  
  39  9:28  Immortal  
  43  9:45  Probe  
  44  9:53  Probe  
  45  10:03  Probe  
  45  10:06  Pylon  
  46  10:09  Pylon  
  46  10:12  Pylon  
  46  10:15  Probe  
  47  10:23  Immortal  
  47  10:27  Probe  
  52  10:33  Forge  
  52  11:03  Immortal  
  56  11:07  Forge  
  56  11:09  Protoss Ground Weapons Level 1  
  56  11:25  Twilight Council  
  56  11:36  Stalker  
  56  11:37  Stalker  
  56  11:38  Stalker  
  62  11:40  Stalker  
  64  11:52  Protoss Ground Armor Level 1  
  64  12:00  Robotics Facility  
  64  12:12  Dark Shrine  
  64  12:18  Assimilator  
  64  12:22  Probe  
  64  12:23  Assimilator  
  65  12:30  Probe  
  65  12:33  Pylon  
  65  12:36  Pylon  
  66  12:39  Probe  
  67  12:51  Probe  
  67  12:52  Immortal  
  67  12:54  Pylon  
  67  12:55  Immortal  
  76  13:04  Probe  
  77  13:30  Dark Templar  
  77  13:31  Dark Templar  
  81  13:47  Probe  
  81  13:55  Probe  
  82  13:59  Dark Templar  
  87  14:02  Dark Templar  
  87  14:05  Probe  
  88  14:16  Pylon  
  88  14:17  Protoss Shields Level 1  
  88  14:21  Pylon  
  88  14:23  Pylon  
  88  14:28  Pylon  
  88  14:31  Pylon  
  88  14:32  Pylon  
  88  14:34  Protoss Ground Weapons Level 2  
  88  14:45  Stalker x2  
  90  14:46  Stalker  
  90  14:47  Stalker  
  96  15:15  Stalker x3  
  96  15:17  Stalker  
  51  15:55  Dark Templar x2  
  51  15:56  Dark Templar x2  
  59  16:02  Observer  
  60  16:35  Dark Templar x3  
  66  17:03  Pylon  
  66  17:06  Pylon  
  66  17:08  Pylon  
  66  17:11  Pylon  
  66  17:25  Gateway  
  66  17:28  Gateway  
  66  17:34  Gateway  
  66  17:38  Gateway  
Show
View Real Time Build Order
Export as new Build Order

Decca Protoss 

Build Orders: Carrier Rush 

Get SALT Encoding   

  12  0:04  Probe  
  12  0:12  Probe  
  14  0:22  Probe  
  14  0:27  Pylon  
  15  0:45  Probe  
  16  0:52  Forge  
  16  0:55  Gateway  
  16  0:57  Probe  
  17  1:05  Probe  
  18  1:13  Probe  
  19  1:23  Pylon  
  19  1:25  Probe  
  19  1:26  Assimilator  
  20  1:44  Photon Cannon  
  20  1:46  Probe, Assimilator  
  21  1:58  Probe  
  21  2:01  Cybernetics Core  
  22  2:07  Probe  
  22  2:15  Probe  
  24  2:25  Probe  
  26  2:37  Probe  
  26  2:42  Nexus  
  26  3:04  Stargate  
  26  3:09  Probe  
  26  3:10  Pylon  
  27  3:16  Protoss Air Weapons Level 1  
  27  3:17  Probe  
  27  3:26  Probe, Twilight Council  
  29  3:38  Probe  
  29  3:39  Assimilator  
  29  3:40  Assimilator  
  30  3:50  Probe  
  31  4:03  Probe  
  32  4:13  Fleet Beacon  
  32  4:15  Probe, Pylon  
  33  4:21  Protoss Shields Level 1, Probe  
  33  4:27  Probe  
  33  4:29  Probe  
  36  4:39  Probe  
  37  4:46  Probe  
  37  4:49  Carrier  
  37  4:50  Pylon  
  37  4:51  Probe  
  39  4:53  Pylon  
  39  4:54  Probe  
  40  5:03  Probe x2  
  48  5:12  Graviton Catapult  
  48  5:15  Probe x2  
  48  5:21  Protoss Air Weapons Level 2  
  50  5:27  Probe  
  51  5:29  Photon Cannon  
  51  5:32  Photon Cannon  
  51  5:39  Probe  
  52  5:52  Probe  
  53  6:01  Stargate x2  
  53  6:04  Probe  
  54  6:16  Probe  
  54  6:17  Probe  
  55  6:25  Probe, Nexus  
  56  6:28  Probe, Assimilator  
  56  6:30  Assimilator  
  58  6:34  Probe  
  58  6:39  Carrier  
  65  6:40  Probe  
  65  6:46  Probe  
  67  6:48  Carrier  
  67  6:52  Probe  
  74  6:56  Protoss Shields Level 2  
  74  7:26  Carrier  
  80  7:41  Pylon  
  80  7:43  Pylon  
  80  7:45  Photon Cannon  
  80  8:01  Pylon  
  80  8:02  Carrier  
  80  8:05  Carrier  
  80  8:08  Stargate  
  80  8:09  Stargate  
  92  8:29  Protoss Air Weapons Level 3  
  92  8:35  Pylon  
  92  8:38  Pylon  
  92  8:41  Pylon x2  
  92  9:03  Carrier  
  98  9:33  Carrier  
  98  9:34  Carrier  
  110  9:39  Carrier  
  116  10:29  Carrier  
  122  10:42  Protoss Shields Level 3  
  122  10:45  Carrier  
  122  10:49  Carrier  
  122  10:52  Carrier  
  128  11:00  Protoss Air Armor Level 1  
  140  11:49  Nexus  
  140  11:50  Assimilator  
  140  11:51  Assimilator  
  140  11:55  Carrier  
  146  12:01  Pylon  
  146  12:02  Pylon  
  146  12:03  Pylon  
  146  12:05  Pylon  
  146  12:10  Stargate  
  146  12:12  Pylon  
  146  12:13  Pylon  
  146  12:19  Carrier x3  
  164  12:25  Carrier  
  170  12:58  Carrier  
  139  13:20  Carrier  
  115  13:51  Carrier x3  
  115  13:52  Carrier, Protoss Air Armor Level 2  
  139  14:06  Pylon  
  139  14:08  Pylon  
  139  14:12  Pylon  
  139  14:35  Stargate x2  
  139  14:36  Stargate  
  139  14:56  Carrier  
  139  14:57  Carrier  
  151  15:12  Photon Cannon  
  151  15:15  Photon Cannon  
  151  15:16  Photon Cannon  
  151  15:17  Photon Cannon  
  151  15:19  Photon Cannon  
  151  15:25  Photon Cannon  
  151  15:30  Photon Cannon  
  151  15:35  Photon Cannon  
  151  15:39  Photon Cannon  
  151  16:06  Carrier x3  
Show
View Real Time Build Order
Export as new Build Order

Dango Protoss 

Build Orders:  

Get SALT Encoding   

  12  0:04  Probe  
  13  0:16  Probe  
  14  0:27  Pylon  
  14  0:32  Probe  
  15  0:41  Probe  
  15  0:48  Gateway  
  15  0:49  Probe  
  17  1:09  Forge  
  17  1:17  Probe  
  18  1:19  Pylon  
  18  1:25  Assimilator  
  18  1:27  Assimilator  
  18  1:30  Probe  
  19  1:35  Zealot  
  21  1:42  Probe  
  22  1:54  Probe  
  23  2:01  Photon Cannon  
  23  2:25  Probe  
  23  2:28  Cybernetics Core  
  24  2:37  Probe  
  24  2:38  Gateway  
  25  2:48  Nexus  
  25  3:05  Warp Gate  
  25  3:17  Robotics Facility  
  25  3:32  Pylon  
  25  3:36  Pylon  
  27  3:42  Probe, Pylon, Sentry  
  28  3:50  Probe  
  29  3:59  Probe  
  30  4:04  Warp Prism  
  32  4:12  Probe  
  32  4:14  Gateway  
  32  4:15  Gateway  
  33  4:20  Pylon  
  33  4:25  Probe x2  
  35  4:37  Probe x2  
  37  4:48  Photon Cannon  
  37  4:53  Photon Cannon  
  37  5:01  Assimilator  
  37  5:06  Assimilator  
  37  5:15  Pylon  
  37  5:19  Gateway  
  37  5:21  Gateway  
  37  5:23  Gateway  
  37  5:28  Shield Battery  
  37  6:08  Nexus  
  37  6:09  Pylon  
  37  6:12  Probe  
  38  6:20  Probe  
  38  6:24  Probe  
  40  6:30  Probe  
  41  6:36  Probe  
  42  6:42  Probe  
  43  6:48  Probe  
  43  6:50  Stalker  
  43  6:51  Stalker  
  43  6:52  Zealot x2  
  43  6:53  Zealot x3  
  58  6:54  Probe  
  58  7:00  Probe  
  50  7:08  Warp Prism  
  48  7:12  Probe  
  49  7:17  Gateway x2  
  49  7:21  Probe  
  50  7:32  Probe  
  51  7:40  Probe  
  51  7:48  Probe  
  52  7:57  Pylon  
  53  7:59  Probe, Pylon  
  53  8:01  Pylon  
  54  8:08  Robotics Facility  
  54  8:11  Probe  
  55  8:17  Twilight Council  
  55  8:22  Protoss Ground Weapons Level 1  
  55  8:23  Probe  
  55  8:25  Forge  
  56  8:30  Observer  
  57  8:35  Stalker x2  
  57  8:36  Stalker x2  
  57  8:37  Stalker  
  57  8:38  Stalker x2  
  71  8:52  Immortal  
  75  9:14  Stalker  
  75  9:15  Stalker x3  
  75  9:16  Stalker x2  
  87  9:17  Stalker  
  89  9:43  Protoss Ground Armor Level 1  
  89  9:48  Blink  
  86  9:58  Stalker x2  
  86  9:59  Stalker x3  
  94  10:00  Stalker x2  
  98  10:16  Protoss Shields Level 1  
  98  10:57  Pylon  
  98  10:58  Pylon  
  98  11:00  Pylon  
  98  11:21  Robotics Bay  
  98  12:21  Nexus  
  98  12:24  Pylon x2  
  98  12:27  Assimilator  
  98  12:28  Assimilator  
  98  12:33  Probe  
  99  12:39  Protoss Ground Weapons Level 2  
  99  12:42  Protoss Ground Armor Level 2  
  99  12:45  Probe  
  99  12:47  Stalker x2  
  99  12:48  Stalker x3  
  99  12:49  Stalker x2  
  114  12:57  Probe  
  115  12:59  Gateway  
  115  13:02  Gateway  
  115  13:06  Gateway  
  115  13:09  Probe  
  116  13:14  Stalker  
  116  13:15  Stalker x3  
  116  13:16  Stalker x2  
  116  13:17  Stalker  
  130  13:21  Probe  
  131  13:43  Stalker x2  
  131  13:44  Stalker  
  131  13:45  Stalker  
  131  13:47  Stalker  
  141  14:06  Extended Thermal Lance  
  141  14:10  Colossus  
  147  14:23  Probe  
  148  14:57  Protoss Shields Level 2  
  148  15:12  Pylon  
  148  15:15  Pylon  
  148  15:17  Pylon  
  148  15:29  Colossus  
  154  15:45  Pylon  
  154  15:47  Pylon  
  154  15:49  Stalker  
  156  15:50  Pylon, Stalker x2  
  156  15:51  Stalker x2  
  156  15:52  Stalker x2  
  156  15:53  Stalker x2  
  156  15:55  Pylon  
  172  15:57  Pylon  
  172  16:00  Pylon  
  166  17:05  Stalker x3  
  166  17:06  Stalker x4  
  166  17:07  Stalker x2  
  184  17:08  Stalker  
  184  17:09  Stalker x2  
Show
View Real Time Build Order
Export as new Build Order

holmes Protoss 

Build Orders: Double Forge 

Get SALT Encoding   

  1  0:00  Probe  
  12  0:05  Probe  
  14  0:15  Probe  
  15  0:23  Pylon  
  15  0:41  Probe  
  16  0:43  Gateway  
  16  0:52  Probe, Assimilator  
  17  1:00  Pylon, Probe  
  17  1:09  Probe  
  19  1:19  Probe  
  19  1:21  Assimilator  
  20  1:31  Probe  
  21  1:33  Cybernetics Core  
  21  1:37  Zealot  
  23  1:44  Probe  
  24  1:57  Probe  
  25  2:04  Zealot  
  25  2:08  Pylon  
  27  2:09  Pylon  
  27  2:16  Forge  
  27  2:40  Nexus  
  27  2:41  Stalker  
  29  3:01  Photon Cannon  
  29  3:04  Shield Battery  
  29  3:09  Photon Cannon  
  29  3:19  Stalker  
  31  3:25  Pylon  
  31  3:38  Probe, Stargate  
  32  3:47  Probe  
  32  3:55  Probe  
  33  3:58  Protoss Shields Level 1  
  34  4:06  Pylon  
  34  4:07  Probe  
  35  4:13  Probe  
  36  4:19  Probe  
  37  4:25  Probe  
  37  4:27  Photon Cannon  
  39  4:31  Probe  
  39  4:37  Probe  
  40  4:43  Probe  
  41  4:49  Forge  
  41  4:53  Probe  
  41  4:59  Probe  
  43  5:05  Probe  
  44  5:11  Probe  
  45  5:17  Probe  
  46  5:23  Probe  
  46  5:24  Pylon  
  47  5:29  Probe  
  47  5:30  Protoss Air Weapons Level 1  
  47  5:35  Probe  
  49  5:37  Fleet Beacon  
  49  5:39  Photon Cannon  
  49  5:41  Probe  
  50  5:47  Probe  
  51  5:53  Probe  
  51  5:55  Nexus  
  52  5:59  Probe, Assimilator  
  52  6:01  Assimilator  
  53  6:05  Probe  
  54  6:11  Probe  
  55  6:21  Pylon  
  55  6:24  Pylon, Probe x2  
  57  6:28  Pylon  
  57  6:36  Probe, Pylon  
  57  6:38  Pylon  
  58  6:51  Probe x2  
  60  7:03  Probe x2  
  62  7:14  Stargate  
  62  7:15  Stargate  
  62  7:20  Stargate  
  62  7:21  Stargate  
  62  7:25  Stargate  
  62  7:27  Stargate  
  62  7:29  Stargate  
  62  7:33  Stargate  
  62  7:40  Probe x2  
  62  7:42  Assimilator  
  62  7:43  Probe  
  65  7:46  Assimilator  
  65  7:51  Graviton Catapult  
  65  7:52  Probe  
  65  7:53  Probe  
  65  7:56  Probe  
  68  8:16  Probe  
  68  8:17  Probe x2  
  71  8:22  Carrier  
  71  8:25  Carrier  
  83  8:29  Probe x3  
  86  8:45  Protoss Air Weapons Level 2  
  86  8:49  Probe, Nexus  
  87  9:00  Carrier  
  91  9:06  Assimilator  
  85  9:10  Assimilator  
  85  9:18  Twilight Council  
  85  9:22  Cybernetics Core  
  85  9:26  Carrier  
  91  9:45  Twilight Council  
  91  9:51  Probe  
  91  9:52  Probe x2  
  94  9:53  Carrier  
  94  9:54  Carrier  
  106  10:04  Probe x3  
  109  10:10  Pylon x2  
  109  10:12  Pylon  
  109  10:13  Pylon  
  109  10:14  Pylon  
  109  10:16  Pylon  
  109  10:17  Pylon  
  109  10:22  Pylon  
  109  10:23  Pylon  
  109  10:24  Pylon  
  109  10:26  Carrier  
  109  10:27  Carrier  
  121  10:48  Protoss Air Armor Level 1  
  121  10:53  Carrier  
  127  11:24  Robotics Facility  
  127  11:29  Carrier x2  
  139  11:37  Protoss Shields Level 2  
  139  11:48  Protoss Air Weapons Level 3  
  139  12:03  Carrier  
  145  12:19  Carrier  
  151  12:24  Carrier  
  151  12:29  Observer  
  158  12:50  Observer  
  159  12:55  Carrier x2  
  171  13:11  Observer  
  172  13:51  Carrier x4  
  196  14:14  Protoss Air Armor Level 2  
Show
View Real Time Build Order
Export as new Build Order

Infamous Protoss 

Build Orders:  

Get SALT Encoding   

  12  0:01  Probe  
  13  0:16  Pylon  
  13  0:29  Probe  
  14  0:37  Probe, Gateway  
  15  0:47  Probe  
  16  1:00  Probe  
  16  1:02  Assimilator  
  17  1:08  Probe  
  18  1:19  Probe  
  19  1:34  Probe  
  19  1:50  Cybernetics Core  
  19  1:54  Nexus  
  19  2:03  Probe  
  20  2:11  Probe  
  20  2:12  Assimilator  
  20  2:14  Pylon  
  21  2:27  Warp Gate  
  21  2:44  Pylon  
  21  2:45  Stalker  
  23  2:56  Probe  
  24  3:05  Probe  
  24  3:07  Robotics Facility  
  24  3:08  Probe  
  26  3:20  Probe  
  26  3:22  Probe, Gateway  
  26  3:26  Gateway, Stalker  
  28  3:31  Twilight Council  
  28  3:32  Probe  
  31  3:54  Observer  
  32  3:58  Probe, Sentry  
  32  3:59  Probe  
  36  4:14  Probe x2  
  38  4:28  Pylon  
  38  4:31  Pylon  
  39  4:40  Immortal  
  38  4:51  Adept x3  
  48  5:03  Probe x2  
  50  5:10  Assimilator  
  50  5:13  Assimilator  
  50  5:17  Gateway  
  50  5:19  Gateway  
  50  5:21  Gateway  
  50  5:27  Forge  
  50  5:28  Forge  
  50  5:32  Zealot  
  50  5:34  Sentry  
  50  5:35  Sentry  
  56  5:36  Immortal  
  60  5:54  Probe  
  60  5:57  Probe  
  60  6:01  Protoss Ground Weapons Level 1  
  60  6:02  Protoss Ground Armor Level 1  
  60  6:56  Stalker  
  60  6:57  Stalker x2  
  56  7:02  Immortal  
  58  7:19  Blink  
  58  7:26  Probe x2  
  58  7:29  Stalker x3  
  66  7:33  Immortal  
  66  7:39  Robotics Facility  
  66  7:40  Pylon  
  66  7:41  Pylon  
  66  7:49  Protoss Ground Weapons Level 2  
  66  7:50  Protoss Ground Armor Level 2  
  70  8:06  Stalker x3  
  70  8:09  Sentry  
  78  8:19  Immortal  
  82  8:27  Pylon  
  80  9:07  Stalker x2  
  80  9:08  Stalker x4  
  65  9:38  Probe  
  65  9:39  Probe  
  67  9:47  Gateway  
  67  9:49  Gateway  
  67  9:53  Templar Archives  
  67  9:54  Protoss Ground Armor Level 3  
  67  9:56  Stalker  
  67  9:57  Stalker x2, Protoss Ground Weapons Level 3  
  73  10:30  High Templar  
  73  10:31  High Templar x2  
  79  10:38  Archon  
  79  10:45  Immortal  
  83  10:58  Nexus  
  83  11:02  Pylon  
  83  11:06  High Templar  
  83  11:07  High Templar  
  87  11:12  Archon  
  87  11:24  Immortal  
  91  11:30  High Templar  
  93  12:13  High Templar x2  
  93  12:14  High Templar  
  99  12:16  Zealot  
  99  12:17  Zealot x4  
  109  13:22  Probe  
  109  13:24  Probe  
  109  13:25  Probe  
  112  13:34  Probe  
  112  13:36  Probe  
  114  13:47  High Templar  
  116  14:03  Probe, Assimilator  
  116  14:04  Protoss Shields Level 1  
  116  14:07  Archon, Assimilator, Charge  
  116  14:08  Archon  
  117  14:57  Pylon  
  117  14:59  Pylon  
  117  15:02  Pylon  
  117  15:04  Pylon  
  117  15:06  Pylon  
  117  15:08  Pylon  
  117  15:11  Pylon, Psionic Storm  
  117  15:14  Pylon  
  117  15:15  Immortal x2  
  117  15:17  Probe x3  
  128  15:25  Zealot  
  128  15:26  Zealot x5  
  128  15:27  Zealot x2  
  144  15:29  Probe x2  
  126  16:24  High Templar x6  
  126  16:25  High Templar x2  
  108  16:50  Archon x4  
  106  17:03  High Templar x4  
  106  17:04  High Templar x2  
Show
View Real Time Build Order
Export as new Build Order

Condrey Zerg 

Build Orders: Hatch First 

Get SALT Encoding   

  12  0:05  Drone  
  13  0:13  Overlord  
  13  0:30  Drone  
  13  0:32  Drone x2  
  16  1:03  Drone  
  16  1:04  Drone x2  
  18  1:10  Hatchery  
  18  1:22  Spawning Pool  
  18  1:23  Extractor  
  16  1:25  Drone  
  16  1:26  Drone  
  18  1:49  Drone x2  
  20  1:59  Overlord  
  20  2:15  Hatchery  
  19  2:24  Drone  
  19  2:28  Queen x2  
  24  2:32  Overlord  
  24  2:39  Extractor  
  24  2:42  Drone  
  24  2:50  Drone  
  24  2:51  Drone  
  26  3:12  Queen  
  26  3:14  Queen  
  26  3:19  Drone  
  31  3:20  Drone x2  
  33  3:32  Drone x2  
  33  3:33  Drone  
  36  3:42  Drone  
  36  3:44  Drone x2  
  36  3:45  Drone  
  40  3:49  Lair  
  40  3:52  Burrow  
  40  3:58  Drone  
  40  3:59  Drone x2  
  40  4:01  Drone  
  44  4:16  Drone  
  44  4:17  Drone  
  46  4:23  Queen  
  46  4:24  Drone x2  
  49  4:29  Extractor  
  49  4:30  Extractor  
  48  4:37  Extractor, Drone x2  
  49  4:42  Extractor  
  48  4:47  Overlord x2  
  48  4:48  Overlord  
  48  4:58  Queen  
  50  5:04  Spire  
  49  5:13  Drone x3  
  52  5:29  Drone  
  53  5:44  Drone x4  
  58  5:50  Drone x8  
  58  5:55  Drone  
  58  5:56  Drone x3  
  69  5:58  Overlord  
  69  6:01  Overlord  
  69  6:02  Overlord x5  
  69  6:06  Metabolic Boost  
  69  6:20  Infestation Pit  
  68  7:22  Pneumatized Carapace  
  68  7:29  Mutalisk  
  68  7:30  Mutalisk x16  
  102  8:00  Drone x2  
  104  8:18  Overlord  
  104  8:19  Overlord x15  
  104  8:24  Hive  
  104  8:32  Zerg Flyer Weapons Level 1, Hatchery  
  103  8:53  Mutalisk  
  103  8:54  Mutalisk x8  
  121  9:36  Extractor x2  
  117  10:17  Corruptor  
  117  10:18  Corruptor x19  
  157  10:31  Drone x3  
  157  10:32  Queen  
  146  11:04  Corruptor x8  
  146  11:07  Queen  
  164  11:14  Greater Spire  
  164  11:20  Drone  
  164  11:21  Drone x2  
  167  11:43  Queen  
  169  12:05  Drone  
  169  12:06  Drone x4  
  174  12:09  Mutalisk  
  174  12:10  Mutalisk x10  
  196  12:45  Evolution Chamber  
  196  12:46  Evolution Chamber x2  
  109  13:52  Corruptor  
  109  13:53  Corruptor x18  
  109  13:54  Corruptor x4  
  155  14:07  Zerg Missile Weapons Level 1, Zerg Melee Weapons Level 1  
  155  14:40  Adrenal Glands  
  155  15:02  Zergling x8  
  155  15:03  Zergling x40  
  179  15:31  Baneling Nest  
  178  15:51  Zergling x18  
  178  15:52  Zergling x10  
  132  16:36  Brood Lord x4  
  132  16:37  Brood Lord x2  
  132  16:38  Brood Lord x2  
  125  17:01  Swarm Host  
  125  17:02  Swarm Host x8  
Show
View Real Time Build Order
Export as new Build Order

cxh Terran 

Build Orders:  

Get SALT Encoding   

  12  0:21  Supply Depot  
  12  0:33  Supply Depot  
  12  0:47  Barracks  
  12  0:57  Engineering Bay  
  12  1:02  SCV  
  13  1:14  SCV  
  14  1:26  SCV  
  15  1:37  Marine  
  15  1:39  SCV  
  17  1:42  Bunker  
  17  1:55  Marine  
  18  2:19  Marine  
  19  2:33  Command Center  
  18  2:43  Marine  
  19  2:59  Command Center  
  19  3:07  SCV  
  19  3:08  Engineering Bay  
  20  3:21  SCV  
  20  3:26  Refinery  
  21  3:27  Marine  
  22  3:39  Missile Turret, SCV  
  23  3:57  Bunker  
  23  4:04  Marine  
  23  4:07  SCV  
  23  4:09  SCV  
  26  4:13  SCV  
  27  4:18  Refinery  
  27  4:25  SCV  
  27  4:29  SCV  
  29  4:36  SCV  
  30  4:40  SCV  
  30  4:42  Factory  
  30  4:43  SCV  
  32  4:47  Refinery  
  33  4:53  SCV  
  33  4:56  Marine  
  34  5:02  SCV x2  
  36  5:07  Missile Turret  
  36  5:08  SCV  
  37  5:15  Marine  
  38  5:23  SCV  
  38  5:24  SCV x2  
  38  5:28  Refinery  
  41  5:30  Refinery  
  41  5:34  Refinery, Factory Tech Lab  
  41  5:43  SCV  
  41  5:45  Starport  
  41  5:46  SCV  
  43  5:53  SCV  
  43  5:56  SCV  
  45  6:00  Siege Tank  
  45  6:03  SCV  
  49  6:17  Armory  
  49  6:25  SCV  
  49  6:26  SCV x2, Armory  
  52  6:36  Starport Tech Lab  
  52  6:38  SCV  
  53  6:40  SCV x2  
  53  6:44  Starport  
  55  7:20  Terran Vehicle And Ship Armor Level 1  
  55  7:21  Terran Ship Weapons Level 1  
  55  7:22  Starport Tech Lab  
  55  7:26  Starport, SCV x3  
  58  7:31  Sensor Tower  
  58  7:36  Missile Turret  
  58  7:40  Siege Tank  
  61  7:49  Supply Depot  
  61  7:50  Supply Depot, Orbital Command x2  
  61  7:59  Missile Turret  
  61  8:05  Orbital Command  
  61  8:08  Supply Depot  
  61  8:11  Starport Tech Lab  
  61  8:20  Sensor Tower  
  61  8:22  SCV x2  
  61  8:25  Raven  
  67  8:35  Supply Depot, Starport  
  67  8:37  Raven  
  67  8:38  Raven  
  67  8:41  SCV x3  
  72  8:52  Building Armor  
  72  8:54  Starport  
  72  9:00  Supply Depot  
  72  9:07  Command Center  
  72  9:08  Raven  
  74  9:12  SCV x3  
  74  9:14  Starport Reactor  
  77  9:17  Terran Vehicle And Ship Armor Level 2  
  77  9:18  Terran Ship Weapons Level 2  
  77  9:27  SCV x3  
  77  9:31  Supply Depot  
  80  9:37  Raven x2  
  84  9:43  SCV x3, Refinery  
  87  9:51  Raven  
  89  9:58  Starport Tech Lab  
  89  10:02  Medivac  
  89  10:06  Refinery  
  91  10:19  Raven  
  91  10:20  Raven  
  95  10:31  Raven  
  95  10:34  Raven  
  93  10:49  SCV x3  
  97  10:55  Orbital Command  
  96  11:02  Raven x2  
  96  11:03  Medivac x2  
  104  11:13  Hi-Sec Auto Tracking  
  104  11:14  Medivac  
  106  11:26  Medivac  
  106  11:30  Supply Depot  
  108  11:33  Medivac  
  108  11:36  Supply Depot, Command Center  
  108  11:37  Medivac  
  112  11:44  Medivac  
  112  11:45  Medivac  
  116  11:49  Supply Depot  
  116  11:50  Supply Depot  
  116  11:54  Supply Depot  
  116  11:55  Supply Depot, Raven  
  116  11:56  Medivac  
  120  12:02  Supply Depot  
  120  12:10  Terran Ship Weapons Level 3, Terran Vehicle And Ship Armor Level 3  
  120  12:12  Supply Depot  
  120  12:17  Supply Depot  
  120  12:19  Supply Depot x2  
  120  12:21  Supply Depot  
  120  12:24  Raven  
  122  12:33  Raven  
  122  12:34  Medivac  
  122  12:36  Supply Depot  
  126  12:41  Neosteel Frame  
  126  12:42  Supply Depot  
  126  12:44  Supply Depot  
  126  12:45  Raven  
  126  12:49  Supply Depot  
  128  12:56  Orbital Command  
  128  12:58  Supply Depot  
  128  13:00  Supply Depot  
  128  13:21  Supply Depot  
  100  13:46  Raven x3  
  100  13:47  Raven  
  90  14:23  Medivac  
  92  14:29  Raven x4  
  100  14:42  Medivac  
  102  14:50  Command Center  
  102  14:53  Medivac  
  104  15:01  SCV x3  
  104  15:02  SCV  
  108  15:12  Medivac x3, Raven x2  
  118  15:23  Medivac  
  119  15:42  Raven x2  
  123  15:54  Raven  
  123  15:55  Raven  
  97  16:25  Raven x2  
  101  16:37  Raven x2  
Show
View Real Time Build Order
Export as new Build Order

ButterMyButt Protoss 

Build Orders: Nexus First 

Get SALT Encoding   

  12  0:01  Probe  
  13  0:12  Probe  
  14  0:21  Probe  
  15  0:50  Pylon  
  15  0:57  Nexus  
  15  1:10  Gateway  
  15  1:17  Probe, Pylon  
  15  1:25  Probe  
  17  1:34  Probe  
  18  1:42  Forge  
  18  1:46  Probe  
  19  1:54  Gateway  
  19  2:01  Cybernetics Core  
  19  2:09  Probe, Assimilator  
  20  2:17  Assimilator  
  20  2:20  Probe  
  20  2:22  Probe  
  22  2:28  Probe  
  22  2:36  Probe  
  24  2:48  Probe  
  25  2:57  Stalker  
  27  3:00  Probe  
  28  3:07  Assimilator  
  28  3:10  Assimilator  
  28  3:12  Probe  
  29  3:13  Pylon  
  29  3:15  Pylon  
  29  3:17  Pylon, Protoss Ground Weapons Level 1  
  29  3:22  Stalker  
  29  3:24  Probe  
  32  3:27  Stalker  
  34  3:36  Probe  
  35  3:42  Photon Cannon  
  35  3:47  Shield Battery  
  35  3:53  Pylon  
  35  3:57  Stalker  
  35  4:02  Stalker  
  39  4:27  Stalker  
  41  4:32  Stalker  
  41  4:35  Photon Cannon  
  43  4:42  Photon Cannon  
  43  4:57  Stalker  
  45  5:02  Stalker  
  47  5:08  Protoss Ground Armor Level 1  
  47  5:09  Gateway  
  47  5:13  Gateway  
  47  5:27  Stalker  
  49  5:32  Stalker  
  49  5:33  Photon Cannon  
  51  5:44  Twilight Council  
  51  5:57  Stalker  
  51  6:02  Stalker  
  55  6:13  Nexus  
  55  6:19  Pylon  
  55  6:23  Stalker  
  55  6:24  Stalker  
  59  6:27  Stalker  
  61  6:40  Photon Cannon  
  61  6:43  Photon Cannon  
  61  6:46  Pylon  
  61  6:51  Shield Battery  
  61  6:58  Protoss Shields Level 1  
  61  7:00  Shield Battery  
  61  7:12  Blink  
  61  7:17  Stalker  
  63  7:23  Stalker  
  63  7:28  Stalker  
  67  7:30  Probe  
  68  7:38  Probe  
  68  7:39  Stalker  
  71  7:47  Stalker  
  73  7:53  Stalker  
  73  7:58  Stalker  
  77  8:10  Stalker  
  79  8:22  Robotics Facility  
  79  8:26  Pylon  
  79  8:33  Pylon  
  79  8:39  Assimilator  
  79  8:43  Protoss Ground Weapons Level 2  
  79  8:53  Stalker x2  
  79  8:54  Stalker  
  85  8:56  Stalker  
  87  9:23  Stalker x2  
  80  9:24  Stalker  
  91  9:26  Stalker  
  95  9:52  Stalker  
  95  9:53  Stalker  
  95  9:54  Stalker  
  95  9:56  Stalker  
  103  10:02  Pylon x2  
  103  10:22  Photon Cannon, Stalker  
  103  10:23  Stalker  
  103  10:24  Stalker  
  103  10:25  Photon Cannon  
  103  10:26  Stalker  
  111  10:33  Photon Cannon  
  111  10:37  Protoss Ground Armor Level 2  
  111  10:39  Shield Battery  
  111  10:52  Stalker  
  111  10:53  Stalker x2  
  117  11:04  Stalker  
  117  11:12  Stalker  
  119  11:19  Stalker  
  119  11:21  Stalker  
  125  11:33  Stalker  
  127  11:42  Stalker  
  129  11:59  Pylon  
  129  12:00  Pylon  
  129  12:07  Stalker x3  
  135  12:14  Stalker  
  137  12:37  Stalker x2  
  137  12:40  Protoss Shields Level 2  
  141  12:46  Stalker  
  141  12:48  Stalker  
  145  13:07  Stalker x2  
  149  13:16  Stalker  
  151  13:20  Pylon  
  151  13:24  Pylon  
  151  13:35  Stalker  
  151  13:38  Stalker  
  151  13:39  Stalker  
  157  13:55  Stalker  
  159  14:05  Stalker  
  159  14:08  Stalker  
  163  14:12  Immortal  
  163  14:14  Pylon  
  167  14:45  Stalker  
  167  14:47  Stalker  
  167  14:48  Immortal  
  167  14:49  Protoss Ground Weapons Level 3  
  175  14:53  Pylon  
  175  14:57  Stalker  
  175  14:59  Stalker  
  179  15:21  Stalker x2  
  181  15:28  Observer  
  184  15:34  Stalker  
  184  15:35  Stalker  
  172  15:55  Stalker  
  172  15:56  Stalker  
  174  16:00  Stalker  
  158  16:05  Sentry  
  160  16:16  Stalker x2  
  160  16:24  Stalker  
  131  16:58  Stalker  
  131  16:59  Stalker x3  
Tags
 
Add a new tag
Caveats
  • Supply blocks, unpowered buildings, or Contaminate may cause inaccurate times.
  • Supply counts are checked every 10 seconds.